Map: Cyber Forest LE

Players

soO

  • Race: Zerg Zerg
  • Spawn Location: 11:00

Stats - Winner!

  • Race: Protoss Protoss
  • Spawn Location: 5:00

Event: IEM Season 13: Katowice (2019)

VOD

https://www.youtube.com/watch?v=Ff4VIghrTMg

Description

Time

  • Played on: March 3, 2019, 7:05 a.m.
  • Length: 9:51

All games in this series

Show
View Real Time Build Order
Export as new Build Order

soO Zerg 

Build Orders: Hatch First 

Get SALT Encoding   

  12  0:00  Drone  
  13  0:12  Overlord  
  13  0:16  Drone  
  14  0:30  Drone x2  
  16  0:47  Hatchery  
  15  0:51  Drone  
  15  0:54  Drone  
  17  0:57  Drone  
  18  1:10  Extractor  
  17  1:12  Spawning Pool  
  17  1:16  Drone  
  17  1:20  Drone  
  18  1:28  Drone  
  19  1:39  Drone  
  20  1:46  Hatchery  
  19  1:49  Drone  
  20  1:59  Queen  
  23  2:01  Drone  
  23  2:04  Drone  
  24  2:10  Drone  
  24  2:13  Overlord  
  25  2:22  Queen  
  27  2:26  Drone  
  28  2:30  Metabolic Boost  
  28  2:33  Drone  
  28  2:35  Zergling x2  
  30  2:41  Drone  
  30  2:42  Drone  
  32  2:46  Queen  
  32  2:50  Drone  
  35  2:54  Overlord  
  35  2:56  Drone  
  36  3:05  Queen  
  36  3:06  Drone  
  36  3:09  Overlord  
  36  3:10  Drone  
  40  3:13  Drone  
  40  3:19  Drone  
  43  3:20  Drone x2  
  43  3:25  Drone x2  
  46  3:30  Drone  
  46  3:31  Drone x3  
  50  3:37  Overlord  
  50  3:40  Queen  
  52  3:41  Drone x2  
  52  3:47  Roach Warren  
  53  3:50  Drone x2  
  53  3:53  Overlord  
  53  3:54  Zergling x4  
  53  3:55  Zergling x2  
  58  4:00  Drone x2  
  58  4:02  Overlord  
  60  4:09  Drone x2  
  63  4:10  Drone  
  63  4:12  Extractor, Zergling x4  
  63  4:13  Extractor  
  63  4:15  Drone  
  63  4:16  Drone x2  
  63  4:17  Drone  
  67  4:19  Lair  
  67  4:22  Zergling x4  
  69  4:29  Drone x3  
  72  4:32  Extractor  
  72  4:33  Drone x2  
  72  4:35  Overlord  
  73  4:41  Overlord  
  72  4:47  Overlord  
  72  4:48  Overlord  
  72  4:50  Overlord  
  72  4:54  Overlord  
  72  4:56  Roach x5  
  81  5:00  Zergling x6  
  81  5:03  Overlord  
  82  5:18  Hydralisk Den  
  81  5:21  Overseer  
  81  5:30  Roach x9  
  81  5:32  Overlord  
  99  5:42  Overlord  
  98  5:47  Hydralisk x6  
  98  5:49  Hydralisk  
  110  5:55  Hydralisk  
  114  5:59  Hydralisk  
  116  6:08  Roach x3  
  116  6:09  Overlord x2  
  122  6:14  Roach, Extractor  
  122  6:15  Roach x2  
  127  6:21  Roach x3  
  127  6:23  Overlord  
  133  6:26  Roach x2  
  133  6:27  Roach  
  133  6:32  Roach x2  
  142  6:34  Overlord  
  142  6:35  Drone x3  
  142  6:37  Roach x2  
  149  6:45  Roach x3  
  154  6:49  Roach x2  
  157  6:57  Roach x4  
  157  7:01  Zergling x8  
  169  7:04  Glial Reconstitution  
  169  7:06  Zergling x6  
  166  7:18  Zergling x6  
  162  7:25  Roach x6  
  162  7:28  Ravager x2  
  174  7:30  Overlord  
  174  7:31  Roach x2  
  174  7:36  Roach  
  168  7:39  Roach x3  
  168  7:40  Roach  
  168  7:41  Roach  
  149  7:44  Roach  
  149  7:45  Roach  
  149  7:49  Overseer  
  149  7:51  Roach x2  
  138  7:52  Roach x2  
  138  7:55  Roach  
  138  7:56  Roach  
  112  8:01  Roach x2  
  112  8:04  Hydralisk  
  112  8:05  Zergling x2  
  117  8:10  Hydralisk x2  
  121  8:16  Hydralisk  
  121  8:18  Zergling x2  
  124  8:21  Overseer  
  124  8:23  Roach x2  
  128  8:30  Hydralisk x2  
  128  8:31  Roach  
  128  8:32  Zergling x8  
  138  8:37  Roach x2  
  138  8:41  Roach  
  144  8:42  Ravager  
  144  8:46  Roach  
  147  8:50  Hydralisk  
  147  8:51  Roach  
  151  8:56  Roach  
  151  8:58  Roach x4, Zergling x4  
  151  8:59  Zergling x2  
  164  9:05  Overlord x2  
  164  9:06  Overlord  
  164  9:11  Roach x2  
  167  9:17  Roach x2  
  171  9:26  Roach x2  
  171  9:27  Roach x2  
  142  9:32  Zergling x4  
Show
View Real Time Build Order
Export as new Build Order

Stats Protoss - Winner!

Build Orders: 1 Gate Expand, Archon Immortal 

Get SALT Encoding   

  12  0:00  Probe  
  13  0:13  Probe  
  14  0:19  Pylon  
  14  0:25  Probe  
  15  0:33  Probe  
  15  0:41  Gateway, Probe  
  16  0:46  Assimilator  
  17  0:51  Probe  
  18  1:03  Probe  
  19  1:15  Probe  
  20  1:24  Nexus  
  20  1:31  Cybernetics Core  
  20  1:35  Probe  
  21  1:40  Assimilator  
  21  1:47  Probe  
  21  1:49  Pylon  
  22  1:59  Probe  
  23  2:07  Probe  
  23  2:08  Adept  
  25  2:13  Robotics Facility  
  25  2:15  Probe  
  26  2:19  Warp Gate  
  27  2:25  Probe  
  28  2:32  Probe  
  28  2:33  Probe  
  29  2:38  Stalker  
  29  2:40  Probe  
  29  2:41  Probe  
  32  2:50  Probe  
  34  2:52  Probe  
  34  2:53  Warp Prism  
  36  3:02  Probe  
  36  3:04  Probe  
  40  3:09  Pylon  
  40  3:10  Sentry  
  42  3:14  Probe  
  42  3:16  Probe  
  44  3:24  Gateway  
  44  3:26  Probe  
  45  3:29  Observer, Probe  
  45  3:30  Assimilator  
  45  3:32  Assimilator  
  47  3:38  Probe  
  47  3:41  Probe  
  49  3:42  Forge  
  49  3:46  Protoss Ground Weapons Level 1, Pylon  
  49  3:50  Probe  
  49  3:53  Probe  
  51  4:03  Probe  
  51  4:04  Immortal  
  51  4:05  Pylon, Probe  
  51  4:09  Stalker  
  59  4:15  Probe  
  60  4:25  Stalker  
  60  4:29  Pylon  
  62  4:35  Twilight Council, Stalker  
  62  4:38  Observer  
  64  4:43  Immortal  
  68  5:03  Sentry x2  
  72  5:11  Protoss Ground Weapons Level 2  
  72  5:14  Charge  
  72  5:23  Immortal  
  76  5:29  Gateway  
  76  5:30  Gateway, Nexus  
  76  5:33  Gateway  
  76  5:36  Gateway  
  76  5:44  Templar Archives  
  76  5:54  Phoenix  
  76  6:02  Gateway x2  
  76  6:04  Pylon  
  76  6:07  Pylon  
  76  6:13  Probe x2  
  78  6:22  Immortal  
  78  6:25  High Templar x2  
  86  6:26  Probe x2  
  86  6:30  Archon  
  88  6:33  High Templar x2  
  88  6:34  Zealot  
  88  6:37  Archon  
  94  6:41  Probe x2  
  94  6:42  Probe  
  97  6:58  High Templar x2  
  97  6:59  Zealot x4  
  109  7:03  Pylon, Archon  
  109  7:06  Pylon  
  109  7:07  Pylon  
  109  7:09  Pylon  
  109  7:14  Probe x3  
  108  7:24  Zealot x6  
  108  7:29  Immortal  
  122  7:30  Zealot  
  122  7:33  Pylon  
  108  7:45  Zealot x4  
  108  7:46  Zealot  
  106  7:53  Zealot  
  103  7:58  Probe x3  
  103  8:02  Pylon  
  105  8:11  Zealot, High Templar x4  
  115  8:15  Pylon x2  
  115  8:18  Immortal  
  115  8:20  Photon Cannon  
  115  8:21  Archon x2  
  115  8:24  Zealot x2  
  123  8:28  Pylon  
  123  8:42  Zealot  
  123  8:43  Zealot x2  
  129  8:53  Zealot x4  
  137  8:57  Immortal, Cybernetics Core  
  141  9:12  Zealot x3  
  147  9:21  Zealot x4  
  124  9:36  Zealot x3  
  124  9:42  Zealot x4  

Tags
 
Add a new tag
Caveats
  • Supply blocks, unpowered buildings, or Contaminate may cause inaccurate times.
  • Supply counts are checked every 10 seconds.